 Dungeon Crawl Stone Soup version 0.18.1-8-gdd0e5ea (webtiles) character file.

67 mrath the Grasshopper (level 3, -7/35 HPs)
             Began as a Troll Warper on June 7, 2016.
             Killed by divine providence
             ... invoked by an orc priest
              (8 damage)
             ... on level 3 of the Dungeon.
             The game lasted 00:09:01 (2134 turns).

mrath the Grasshopper (Troll Warper)                Turns: 2134, Time: 00:09:03

Health: -7/35      AC:  5    Str: 19    XL:     3   Next: 98%
Magic:  4/4        EV: 10    Int: 10    God:
Gold:   144        SH:  0    Dex:  9    Spells: 3 memorised, 0 levels left

rFire  . . .     SeeInvis .     a - +0 short sword
rCold  . . .     Gourm    +     b - +0 robe
rNeg   . . .     Faith    .     (no shield)
rPois  .         Spirit   .     (helmet restricted)
rElec  .         Dismiss  .     (no cloak)
rCorr  .         Reflect  .     (gloves unavailable)
SustAt .         Harm     .     (boots unavailable)
MR     .....                    (no amulet)
Stlth  +.........               (no ring)
                                (no ring)

@: not resistant to hostile enchantments, very unstealthy
A: unfitting armour, claws 3, fast metabolism 3, gourmand, regeneration 2,
shaggy fur 1, tough skin 2
a: no special abilities


You were on level 3 of the Dungeon.
You were very full.

You visited 1 branch of the dungeon, and saw 3 of its levels.

You collected 144 gold pieces.

Inventory:

Hand Weapons
 a - a +0 short sword (weapon)
 t - a cursed +0 hunting sling
Missiles
 e - 5 tomahawks of dispersal (quivered)
 j - 45 stones
 k - 4 needles of confusion
 p - 14 poisoned needles
Armour
 b - a +0 robe (worn)
Jewellery
 w - an uncursed ring of see invisible {unknown}
Scrolls
 d - a scroll of blinking
 g - 2 scrolls of teleportation {unknown}
 l - 7 scrolls of identify {unknown}
 o - 2 scrolls of remove curse {unknown}
 r - a scroll of noise {unknown}
 s - a scroll of magic mapping {unknown}
Potions
 i - a potion of agility {unknown}
 m - 3 potions of resistance {unknown}
 n - a potion of invisibility {unknown}
 q - a potion of curing {unknown}
 u - a potion of cure mutation {unknown}
 v - 2 potions of degeneration {unknown}
Books
 c - a book of Spatial Translocations

   Spells                             Type                      Level
   a - Apportation                    Translocation                1
   b - Blink                          Translocation                2
   c - Shroud of Golubria             Charms/Translocation         2
   d - Portal Projectile              Translocation                3
   e - Teleport Other                 Translocation                3
   f - Passage of Golubria            Translocation                4
Comestibles
 f - 3 bread rations
 h - 3 meat rations


   Skills:
 + Level 1.9 Fighting
 + Level 1.7 Short Blades
 + Level 1.6 Throwing
 + Level 2.3 Dodging
 * Level 1.7 Spellcasting
 + Level 2.3 Translocations


You couldn't memorise any spells.
You knew the following spells:

 Your Spells              Type           Power        Failure   Level  Hunger
a - Apportation           Tloc           #.........   14%         1    ##.....
b - Blink                 Tloc           N/A          21%         2    ###....
c - Shroud of Golubria    Chrm/Tloc      #.........   30%         2    ###....


Dungeon Overview and Level Annotations

Branches:
Dungeon (3/15)

Altars:
Vehumet


Innate Abilities, Weirdness & Mutations

You are too large for most types of armour.
You have claws for hands.
Your metabolism is lightning-fast.
You like to eat raw meat.
You heal very quickly.
You are covered in fur (AC +1).
You have very tough skin (AC +2).


Message History

You hit the orc.
You kill the orc!
You hit the orc.
The orc is heavily wounded.
The orc priest calls down the wrath of Beogh upon you.
Beogh smites you! The orc barely misses you.
You closely miss the orc.
The orc is moderately wounded.
The orc priest mumbles some strange prayers to Beogh against you.
Beogh smites you!
* * * LOW HITPOINT WARNING * * *
The orc hits you with a short sword.
* * * LOW HITPOINT WARNING * * *
You hit the orc.
The orc is heavily wounded.
The orc hits you with a short sword.
* * * LOW HITPOINT WARNING * * *
The orc priest invokes the aid of Beogh against you.
Beogh smites you!
You die...

..# #.# #.#
#.# #.# #.#
#.# #.# #.#
#.# #.# #.#
#.######.#
#.##[....#
#.##@#####
#.##o#
#.##o##
#.#.#.####
#..###...#
###.#.##o#
##.###.#
#..##.o.#
#......#...


You could see an orc priest and an orc.

Vanquished Creatures
  An adder (D:2)
  An ooze (D:1)
  A worm (D:2)
  A dart slug (D:2)
  2 giant geckos
  3 orcs (D:3)
  2 giant cockroaches
  8 goblins
  6 hobgoblins
  3 jackals (D:1)
  3 kobolds (D:1)
  A bat (D:3)
  5 giant newts
  4 rats
41 creatures vanquished.

Notes
Turn   | Place    | Note
--------------------------------------------------------------
     0 | D:1      | mrath the Troll Warper began the quest for the Orb.
     0 | D:1      | Reached XP level 1. HP: 19/19 MP: 1/1
    19 | D:1      | Reached skill level 1 in Throwing
   311 | D:1      | Reached XP level 2. HP: 8/28 MP: 2/2
   767 | D:1      | Reached XP level 3. HP: 32/35 MP: 4/4
  1034 | D:1      | Learned a level 2 spell: Blink
  1037 | D:1      | Learned a level 2 spell: Shroud of Golubria
  1259 | D:2      | Found a radiant altar of Vehumet.
  2133 | D:3      | HP: 1/35 [orc/short sword (1)]
  2134 | D:3      | Killed from afar by an orc priest

Skill      XL: |  1 |
---------------+----+-----
Throwing       | 1 |  1.6
Dodging        | 2 |  2.3
Fighting       | |  1.9
Short Blades   | |  1.7
Spellcasting   | |  1.7
Translocations | |  2.3

Action                   || total
-------------------------++-------
Melee: Short sword       ||   187
 Cast: Shroud of Golubri ||     1
  Eat: Chunk             ||    24
Armor: Robe              ||    62
Dodge: Dodged            ||    74
